APL (24 & UNDER)
NANTUCKET ORCAS @ NASHUA REDLEGS
05/01/2029
 
TOP OF THE 1ST
Nantucket Orcas batting - Pitching for Nashua Redlegs : LHP Patrick Carlson
Pitching: LHP Patrick Carlson
Batting: RHB Charlie Pérez 0-0: Ground out 4-3 (Groundball, 4)
Batting: RHB Demetrio Inrouville 0-0: Foul Ball, location: 2F
0-1: Swinging Strike
0-2: Ball
1-2: Foul Ball, location: 2F
1-2: Foul Ball, location: 2F
1-2: Foul Ball, location: 2F
1-2: Strikes out swinging
Batting: LHB Eugene Lee 0-0: Ground out 1-3 (Groundball, 13)
Top of the 1st over - 0 runs, 0 hits, 0 errors, 0 left on base; Nantucket 0 - Nashua 0
BOTTOM OF THE 1ST
Nashua Redlegs batting - Pitching for Nantucket Orcas : RHP Bo Wagner
Pitching: RHP Bo Wagner
Batting: RHB Manuel Pérez 0-0: SINGLE (Line Drive, 7LS)
Batting: RHB Spencer Pritchett 0-0: Ball
1-0: Fly out, F8 (Flyball, 89D)
Batting: RHB Eleuterio Supardo 0-0: Ball
Manuel Pérez steals 2nd base
1-0: Foul Ball, location: 2F
1-1: Ball
2-1: Ball
Manuel Pérez steals 3rd base
3-1: Base on Balls
Batting: LHB Bob Campbell Balk!
Manuel Pérez scores
Eleuterio Supardo to second
0-0: Ball
1-0: Swinging Strike
1-1: Ball
2-1: Ball
3-1: Base on Balls
Batting: RHB Katsuhito Ohayashi 0-0: Ground out 3-1 (Groundball, 34S)
Eleuterio Supardo to third
Bob Campbell to second
Batting: RHB Gerald Miller 0-0: Fly out, F8 (Flyball, 8RXD)
Bottom of the 1st over - 1 run, 1 hit, 0 errors, 2 left on base; Nantucket 0 - Nashua 1
TOP OF THE 2ND
Nantucket Orcas batting - Pitching for Nashua Redlegs : LHP Patrick Carlson
Batting: RHB Ramiro Javier 0-0: Ball
1-0: Ball
2-0: Ball
3-0: Base on Balls
Batting: LHB Anzai Yamaguchi 0-0: Grounds out, U3 (Groundball, 3L)
Batting: LHB Alfonso Vélez 0-0: Ball
1-0: Called Strike
Ramiro Javier steals 3rd base
1-1: Ball
2-1: Ball
3-1: Foul Ball, location: 2F
3-2: Strikes out swinging
Batting: SHB Dan Dunn 0-0: Ball
1-0: Swinging Strike
1-1: Ground out 5-3 (Groundball, 56S)
Top of the 2nd over - 0 runs, 0 hits, 0 errors, 1 left on base; Nantucket 0 - Nashua 1
BOTTOM OF THE 2ND
Nashua Redlegs batting - Pitching for Nantucket Orcas : RHP Bo Wagner
Batting: RHB David Adams 0-0: Foul Ball, location: 2F
0-1: Swinging Strike
0-2: Ball
1-2: Ball
2-2: Ground out 1-3 (Groundball, P)
Batting: RHB Jorge Valenzuela 0-0: Called Strike
0-1: Called Strike
0-2: Ball
1-2: Ball
2-2: Foul Ball, location: 2F
2-2: Strikes out swinging
Batting: RHB Kyle Mann 0-0: Hit by Pitch
Batting: RHB Manuel Pérez 0-0: Ball
1-0: Ball
2-0: Called Strike
2-1: Foul Ball, location: 2F
2-2: Strikes out swinging
Bottom of the 2nd over - 0 runs, 0 hits, 0 errors, 1 left on base; Nantucket 0 - Nashua 1
TOP OF THE 3RD
Nantucket Orcas batting - Pitching for Nashua Redlegs : LHP Patrick Carlson
Batting: RHB Scotty Hicks 0-0: Ball
1-0: Foul Ball, location: 2F
1-1: Ball
2-1: Called Strike
2-2: Ball
3-2: Base on Balls
Batting: RHB Luis Cruz 0-0: Swinging Strike
0-1: Ball
1-1: Ball
2-1: Ball
3-1: Called Strike
3-2: Foul Ball, location: 2F
3-2: Fielders Choice at 2nd, 1-4 (Groundball, 15S)
Batting: RHB Charlie Pérez 0-0: Ball
1-0: Foul Ball, location: 2F
1-1: Grounds into double play, 4-6-3 (Groundball, 4)
Top of the 3rd over - 0 runs, 0 hits, 0 errors, 0 left on base; Nantucket 0 - Nashua 1
BOTTOM OF THE 3RD
Nashua Redlegs batting - Pitching for Nantucket Orcas : RHP Bo Wagner
Batting: RHB Spencer Pritchett 0-0: Called Strike
0-1: Called Strike
0-2: Strikes out swinging
Batting: RHB Eleuterio Supardo 0-0: Called Strike
0-1: Ball
1-1: DOUBLE (Flyball, 8LXD)
Pitching: RHP Rafael Ruíz
Batting: LHB Bob Campbell 0-0: SINGLE (Groundball, 25) (infield hit)
Eleuterio Supardo to third
Batting: RHB Katsuhito Ohayashi 0-0: Ball
1-0: Called Strike
1-1: Ball
2-1: Foul Ball, location: 2F
2-2: Strikes out swinging
Batting: RHB Gerald Miller 0-0: Reached on error, E5 (Groundball, 56)
Eleuterio Supardo scores
Bob Campbell to second
Batting: RHB David Adams 0-0: Called Strike
0-1: Ball
1-1: Ball
2-1: Foul Ball, location: 2F
2-2: Ball
3-2: Base on Balls
Bob Campbell to third
Gerald Miller to second
Batting: RHB Jorge Valenzuela 0-0: DOUBLE (Line Drive, 5D)
Bob Campbell scores
Gerald Miller scores
David Adams to third
Runner from 3rd tries for Home, SAFE, no throw
Batting: RHB Kyle Mann 0-0: Swinging Strike
0-1: Swinging Strike
0-2: Ball
1-2: Ball
2-2: Ball
Wild Pitch!
Jorge Valenzuela to third
3-2: Strikes out swinging
Bottom of the 3rd over - 4 runs, 3 hits, 1 error, 1 left on base; Nantucket 0 - Nashua 5
TOP OF THE 4TH
Nantucket Orcas batting - Pitching for Nashua Redlegs : LHP Patrick Carlson
Batting: RHB Demetrio Inrouville 0-0: Ball
1-0: Swinging Strike
1-1: Called Strike
1-2: Strikes out swinging
Batting: LHB Eugene Lee 0-0: Ball
1-0: Foul Ball, location: 2F
1-1: Ball
2-1: Called Strike
2-2: Ball
3-2: Strikes out swinging
Batting: RHB Ramiro Javier 0-0: Called Strike
0-1: Ball
1-1: Called Strike
1-2: SINGLE (Flyball, 89S)
Batting: LHB Anzai Yamaguchi 0-0: Ball
1-0: Foul Ball, location: 2F
1-1: Swinging Strike
1-2: Ball
2-2: Fly out, F9 (Flyball, 9S)
Top of the 4th over - 0 runs, 1 hit, 0 errors, 1 left on base; Nantucket 0 - Nashua 5
BOTTOM OF THE 4TH
Nashua Redlegs batting - Pitching for Nantucket Orcas : RHP Rafael Ruíz
Batting: RHB Manuel Pérez 0-0: Fly out, F7 (Flyball, 78S)
Batting: RHB Spencer Pritchett 0-0: Foul Ball, location: 2F
0-1: SINGLE (Line Drive, 6MD)
Batting: RHB Eleuterio Supardo 0-0: Ground out 5-3 (Groundball, 56S)
Spencer Pritchett to second
Batting: LHB Bob Campbell 0-0: Ground out 1-3 (Groundball, 13)
Bottom of the 4th over - 0 runs, 1 hit, 0 errors, 1 left on base; Nantucket 0 - Nashua 5
TOP OF THE 5TH
Nantucket Orcas batting - Pitching for Nashua Redlegs : LHP Patrick Carlson
Batting: LHB Alfonso Vélez 0-0: Called Strike
0-1: Swinging Strike
0-2: Fly out, F7 (Flyball, 78M)
Batting: SHB Dan Dunn 0-0: Ball
1-0: Ball
2-0: Ball
3-0: Base on Balls
Batting: RHB Scotty Hicks 0-0: Ball
1-0: Ball
2-0: Swinging Strike
2-1: Swinging Strike
2-2: Ball
3-2: Foul Ball, location: 2F
3-2: Base on Balls
Dan Dunn to second
Batting: RHB Luis Cruz 0-0: Foul Ball, location: 2F
0-1: Foul Ball, location: 2F
0-2: Fly out, F9 (Flyball, 89D)
Runner from 2nd tags up, SAFE at 3rd, no throw
Batting: RHB Charlie Pérez 0-0: Ball
1-0: Ball
2-0: Ball
3-0: Called Strike
3-1: Foul Ball, location: 2F
3-2: Base on Balls
Scotty Hicks to second
Batting: RHB Demetrio Inrouville 0-0: Foul Ball, location: 2F
0-1: Swinging Strike
0-2: Foul Ball, location: 2F
0-2: Foul Ball, location: 2F
0-2: Ball
1-2: Strikes out swinging
Top of the 5th over - 0 runs, 0 hits, 0 errors, 3 left on base; Nantucket 0 - Nashua 5
BOTTOM OF THE 5TH
Nashua Redlegs batting - Pitching for Nantucket Orcas : RHP Rafael Ruíz
Batting: RHB Katsuhito Ohayashi 0-0: Called Strike
0-1: Called Strike
0-2: Foul Ball, location: 2F
0-2: Ball
1-2: Foul Ball, location: 2F
1-2: Ball
2-2: Fly out, F8 (Flyball, 8LXD)
Batting: RHB Gerald Miller 0-0: Called Strike
0-1: Ball
1-1: Foul Ball, location: 2F
1-2: Ball
2-2: Strikes out swinging
Batting: RHB David Adams 0-0: Ball
1-0: Ball
2-0: Fly out, F8 (Flyball, 8LD)
Bottom of the 5th over - 0 runs, 0 hits, 0 errors, 0 left on base; Nantucket 0 - Nashua 5
TOP OF THE 6TH
Nantucket Orcas batting - Pitching for Nashua Redlegs : LHP Patrick Carlson
Batting: LHB Eugene Lee 0-0: Foul Ball, location: 2F
0-1: Called Strike
0-2: Ball
1-2: Ground out 1-3 (Groundball, P)
Batting: RHB Ramiro Javier 0-0: Swinging Strike
0-1: Fly out, F7 (Line Drive, 7)
Batting: LHB Anzai Yamaguchi 0-0: Called Strike
0-1: Swinging Strike
0-2: Ball
1-2: Strikes out looking
Top of the 6th over - 0 runs, 0 hits, 0 errors, 0 left on base; Nantucket 0 - Nashua 5
BOTTOM OF THE 6TH
Nashua Redlegs batting - Pitching for Nantucket Orcas : RHP Rafael Ruíz
Batting: RHB Jorge Valenzuela 0-0: Called Strike
0-1: Ball
1-1: Foul Ball, location: 2F
1-2: Strikes out looking
Batting: RHB Kyle Mann 0-0: Foul Ball, location: 2F
0-1: Foul Ball, location: 2F
0-2: Ball
1-2: Foul Ball, location: 2F
1-2: Strikes out swinging
Batting: RHB Manuel Pérez 0-0: Ball
1-0: Foul Ball, location: 2F
1-1: Swinging Strike
1-2: Fly out, F8 (Line Drive, 8RD)
Bottom of the 6th over - 0 runs, 0 hits, 0 errors, 0 left on base; Nantucket 0 - Nashua 5
TOP OF THE 7TH
Nantucket Orcas batting - Pitching for Nashua Redlegs : LHP Patrick Carlson
Batting: LHB Alfonso Vélez 0-0: Called Strike
0-1: Ball
1-1: DOUBLE (Line Drive, 9LM)
Pitching: LHP Alberto Ledezma
Batting: SHB Dan Dunn 0-0: Ball
1-0: Swinging Strike
1-1: Called Strike
1-2: Ball
2-2: Strikes out looking
Batting: RHB Scotty Hicks 0-0: Ball
1-0: Called Strike
1-1: Foul Ball, location: 2F
1-2: Ball
2-2: Strikes out swinging
Batting: RHB Luis Cruz 0-0: Fly out, F3 (Popup, 3)
Top of the 7th over - 0 runs, 1 hit, 0 errors, 1 left on base; Nantucket 0 - Nashua 5
BOTTOM OF THE 7TH
Nashua Redlegs batting - Pitching for Nantucket Orcas : RHP Rafael Ruíz
Pitching: LHP Armando Fuentes
Batting: RHB Spencer Pritchett 0-0: Ball
1-0: Ground out U3 (Groundball, 34)
Batting: RHB Eleuterio Supardo 0-0: Ball
1-0: Ball
2-0: Ball
3-0: Base on Balls
Batting: LHB Bob Campbell 0-0: Ball
1-0: Ball
2-0: Foul Ball, location: 2F
2-1: Fly out, F7 (Flyball, 7D)
Batting: RHB Katsuhito Ohayashi 0-0: Ball
1-0: Called Strike
1-1: Ball
2-1: Ball
3-1: Base on Balls
Eleuterio Supardo to second
Batting: RHB Gerald Miller 0-0: Ball
1-0: Ball
2-0: Called Strike
2-1: Ball
3-1: Called Strike
3-2: Strikes out swinging
Bottom of the 7th over - 0 runs, 0 hits, 0 errors, 2 left on base; Nantucket 0 - Nashua 5
TOP OF THE 8TH
Nantucket Orcas batting - Pitching for Nashua Redlegs : LHP Alberto Ledezma
Now at SS: William Rogers
Now in LF: Dave Warren
Batting: RHB Charlie Pérez 0-0: Fly out, F7 (Flyball, 7LSF)
Batting: RHB Demetrio Inrouville 0-0: Ball
1-0: Fly out, F8 (Flyball, 78D)
Batting: LHB Eugene Lee 0-0: Fly out, F9 (Flyball, 9LM)
Top of the 8th over - 0 runs, 0 hits, 0 errors, 0 left on base; Nantucket 0 - Nashua 5
BOTTOM OF THE 8TH
Nashua Redlegs batting - Pitching for Nantucket Orcas : LHP Armando Fuentes
Batting: RHB David Adams 0-0: SINGLE (Line Drive, 34D)
Batting: RHB Jorge Valenzuela 0-0: Called Strike
0-1: Ball
1-1: Ball
2-1: SINGLE (Groundball, 56D)
David Adams to second
Batting: RHB Kyle Mann 0-0: Called Strike
0-1: Fielders Choice at 2nd, 6-4 (Groundball, 6M)
David Adams to third
Batting: RHB Manuel Pérez 0-0: Called Strike
0-1: Called Strike
0-2: Strikes out looking
Batting: RHB Spencer Pritchett 0-0: Called Strike
Kyle Mann steals 2nd base
0-1: Ball
1-1: Called Strike
1-2: Ball
2-2: SINGLE (Groundball, 34D)
David Adams scores
Kyle Mann to third
Runner from 3rd tries for Home, throw and OUT!
Bottom of the 8th over - 1 run, 3 hits, 0 errors, 1 left on base; Nantucket 0 - Nashua 6
TOP OF THE 9TH
Nantucket Orcas batting - Pitching for Nashua Redlegs : LHP Alberto Ledezma
Batting: RHB Ramiro Javier 0-0: Swinging Strike
0-1: Ball
1-1: Foul Ball, location: 2F
1-2: Strikes out swinging
Batting: LHB Anzai Yamaguchi 0-0: Called Strike
0-1: Ball
1-1: Ball
2-1: SINGLE (Groundball, 34D)
Batting: LHB Alfonso Vélez 0-0: Called Strike
0-1: Ball
1-1: Ball
2-1: Ground out 4-3 (Groundball, 4S)
Anzai Yamaguchi to second
Batting: SHB Dan Dunn 0-0: Ball
1-0: Ball
2-0: Called Strike
2-1: Swinging Strike
2-2: Ball
3-2: Foul Ball, location: 2F
3-2: Strikes out swinging
Top of the 9th over - 0 runs, 1 hit, 0 errors, 1 left on base; Nantucket 0 - Nashua 6
Saturday, December 16th, 2017 - OOTP Baseball 18.8 Build 76